 Dungeon Crawl Stone Soup version 0.30-a0-422-g946f4849ff (webtiles) character file.

Game seed: 6448127143718971746

685 p00ps00p the Trooper (level 7, -12/59 (63) HPs)
             Began as a Hill Orc Fighter on Dec 9, 2022.
             Mangled by a wight
             ... wielding a +4 long sword of electrocution
              (14 damage)
             ... on level 8 of the Dungeon.
             The game lasted 00:06:24 (4350 turns).

p00ps00p the Trooper (Hill Orc Fighter)             Turns: 4350, Time: 00:06:25

HP:   -12/59 (63)   AC: 14    Str: 21    XL:     7   Next: 62%
MP:   7/7           EV:  6    Int:  8    God:
Gold: 166           SH:  6    Dex: 10    Spells: 6/6 levels left

rFire   . . .      SeeInvis .    a - +0 war axe (vorpal)
rCold   . . .      Faith    .    c - +1 buckler
rNeg    . . .      Spirit   .    l - +1 plate armour
rPois   .          Reflect  .    (no helmet)
rElec   .          Harm     .    d - +0 cloak
rCorr   .          Rampage  .    (no gloves)
Will    .....                    (no boots)
Stlth   ..........               i - amulet of the acrobat
HPRegen 0.29/turn                (no ring)
MPRegen 0.10/turn                (no ring)

@: mighty, drained
A: no striking features
a: no special abilities


You were on level 8 of the Dungeon.
You visited 1 branch of the dungeon, and saw 6 of its levels.

You collected 166 gold pieces.

Inventory:

Hand Weapons
 a - a +0 vorpal war axe (weapon)
Armour
 c - a +1 buckler (worn)
 d - a +0 cloak (worn)
 l - a +1 plate armour (worn)
Jewellery
 i - an amulet of the acrobat (around neck)
 p - a +6 ring of strength
Scrolls
 b - a scroll of silence
Potions
 e - a potion of flight
 f - 2 potions of curing
 g - 2 potions of brilliance
 h - a potion of lignification {unknown}
 k - a potion of cancellation
 m - a potion of attraction {unknown}
 o - a potion of berserk rage {unknown}


   Skills:
 + Level 6.0 Fighting
 + Level 5.9 Axes
 + Level 5.4 Armour
 + Level 5.5 Shields


You had 6 spell levels left.
You didn't know any spells.
Your spell library contained the following spells:

 Spells                   Type           Power      Damage    Failure   Level
 Magic Dart               Conj           0%         1d3       100%        1
 Call Imp                 Summ           0%         N/A       100%        2
 Dazzling Flash           Conj/Hex       0%         N/A       100%        3
 Mephitic Cloud           Conj/Pois/Air  0%         N/A       100%        3
 Iskenderun's Mystic Bla  Conj/Tloc      0%         2d3       100%        4
 Starburst                Conj/Fire      0%         6d3       100%        6


Dungeon Overview and Level Annotations

Branches:
Dungeon (5/15)
 Temple: D:4-7

Altars:
Ashenzari
Dithmenos
Yredelemnul
The Shining One


Message History

You are electrocuted!
* * * LOW HITPOINT WARNING * * *
You are too injured to fight recklessly!
You are too injured to fight recklessly!
You are too injured to fight recklessly!
You are too injured to fight recklessly!
You are too injured to fight recklessly!
You are too injured to fight recklessly!
You are too injured to fight recklessly!
You are too injured to fight recklessly!
You are too injured to fight recklessly!
You are too injured to fight recklessly!
You are too injured to fight recklessly!
You are too injured to fight recklessly!
You are too injured to fight recklessly!
You are too injured to fight recklessly!
You are too injured to fight recklessly!
You are too injured to fight recklessly!
You are too injured to fight recklessly!
You closely miss the wight.
The wight is severely damaged.
The wight hits you with a +4 long sword of electrocution.
* * * LOW HITPOINT WARNING * * *
You are electrocuted!
* * * LOW HITPOINT WARNING * * *
You hit the wight but do no damage.
The wight is severely damaged.
The wight hits you with a +4 long sword of electrocution.
* * * LOW HITPOINT WARNING * * *
You feel drained.
* * * LOW HITPOINT WARNING * * *
Unknown command.
You feel very mighty all of a sudden. The wight hits you but does no damage.
You barely miss the wight.
The wight is severely damaged.
The wight hits you with a +4 long sword of electrocution.
* * * LOW HITPOINT WARNING * * *
You are electrocuted!
You die...

.##. .....
#... ##..#
....# ## ..n
.## #z#..#
#)@..#####
#####$.......
#.......#####
#.###...#
##.# ##......
#..# ###.#$#
#.## ... #.#
..> #.# ..


You could see a necrophage and a wight.

Vanquished Creatures
  A human (D:3)
  A phantom (D:2)
  A scorpion (D:4)
  2 wights (D:8)
  A jelly (D:4)
  Crazy Yiuf (D:2)
  Jessica (D:2)
  A human skeleton (D:3)
  Terence (D:2)
  A gnoll (D:3)
  7 adders (D:3)
  An ufetubus (D:4)
  2 worms
  4 dart slugs
  4 orcs
  12 ball pythons
  3 endoplasms
  4 giant cockroaches
  5 goblins
  6 hobgoblins
  7 jackals
  4 quokkas
  4 bats
  A frilled lizard (D:1)
  5 kobolds
  A kobold zombie (D:3)
  4 rats
85 creatures vanquished.

Vanquished Creatures (others)
  5 fungi (D:2)
5 creatures vanquished.

Grand Total: 90 creatures vanquished

Notes
Turn   | Place    | Note
-------+----------+-------------------------------------------
     0 | D:1      | p00ps00p the Hill Orc Fighter began the quest for the Orb.
     0 | D:1      | Reached XP level 1. HP: 19/19 MP: 1/1
    59 | D:1      | Reached XP level 2. HP: 18/27 MP: 2/2
   489 | D:1      | Found a faded altar of an unknown god.
   988 | D:2      | Reached skill level 4 in Fighting
  1053 | D:2      | Found a broken altar of Ashenzari.
  1058 | D:2      | Noticed a phantom
  1076 | D:2      | Killed a phantom
  1077 | D:2      | Reached XP level 3. HP: 5/34 MP: 3/3
  1077 | D:2      | Reached XP level 4. HP: 7/41 MP: 4/4
  1427 | D:2      | Noticed Jessica
  1435 | D:2      | Killed Jessica
  1436 | D:2      | Reached XP level 5. HP: 47/47 MP: 5/5
  1620 | D:2      | Noticed Terence
  1634 | D:2      | Killed Terence
  1809 | D:2      | Found a runed translucent door.
  1810 | D:2      | Noticed Crazy Yiuf
  1818 | D:2      | Killed Crazy Yiuf
  1925 | D:3      | Found a runed translucent door.
  1925 | D:3      | Noticed a human
  2089 | D:3      | Found a glowing golden altar of the Shining One.
  2107 | D:3      | Reached skill level 5 in Fighting
  2107 | D:3      | Reached XP level 6. HP: 56/56 MP: 6/6
  3225 | D:3      | Found a basalt altar of Yredelemnul.
  3505 | D:3      | Killed a human
  3506 | D:3      | Reached skill level 5 in Axes
  3506 | D:3      | Reached skill level 5 in Armour
  3506 | D:3      | Reached skill level 5 in Shields
  3506 | D:3      | Reached XP level 7. HP: 57/61 MP: 7/7
  4011 | D:4      | Found a shadowy altar of Dithmenos.
  4290 | D:5      | Entered Level 5 of the Dungeon
  4322 | D:5      | You fall into a shaft and drop 3 floors!
  4343 | D:8      | Reached skill level 6 in Fighting
  4350 | D:8      | HP: 2/59 [wight/+4 long sword of electrocution (2)]
  4350 | D:8      | Mangled by a wight

Illustrated notes

Levels and vault maps discovered:
D:1:      ncdulo_wetmaze, layout_loops_corners,
          dreamdust_ecumenical_altar_statues, serial_bayou_ford_a
D:2:      layout_basic, basic_altar, hangedman_decor_clover_reticule,
          uniq_jessica, uniq_crazy_yiuf_cottage, uniq_terence
D:3:      minmay_recursive_quarters, layout_loops_ring, dk_yredelemnul_ordeal,
          mainiacjoe_overflow_catwalk
D:4:      minmay_angry_zag, layout_basic, grunt_dithmenos_smoke_and_mirrors
D:5:      layout_layer_cave, worldfamousw_hep_ancestral_shrine,
          nicolae_shop_firing_range, uniq_menkaure
D:8:      layout_rooms, minmay_manual_mares

Skill      XL: |  1  2  3  4  5  6  7 |
---------------+----------------------+-----
Axes           | 3 4 5 |  5.9
Fighting       | 4 5 6 |  6.0
Armour         | 4 5 |  5.4
Shields        | 4 5 |  5.5

Action                   |  1- 3 |  4- 6 |  7- 9 || total
-------------------------+-------+-------+-------++-------
Melee: War axe           |    49 |   132 |    50 ||   231
  Use: Scroll            |     2 |    11 |     1 ||    14
       Potion            |     1 |     1 |     1 ||     3
Armor: Scale mail        |    24 |    26 |       ||    50
       Plate armour      |       |    75 |    22 ||    97
Dodge: Dodged            |    18 |    51 |    22 ||    91
Block: Buckler           |    20 |    42 |    10 ||    72

Table legend: (Time is in decaauts)
 A = Elapsed time spent in this place.
 B = Non-inter-level travel time spent in this place.
 C = Inter-level travel time spent in this place.
 D = Time resting spent in this place.
 E = Time spent auto-exploring this place.
 F = Levels seen in this place.
 G = Mean time per level.
                   A        B        C        D        E       F      G
               +--------+--------+--------+--------+--------+-----+--------+
         Total |   4439 |   4305 |    134 |    776 |   2861 |   6 |  739.8 |
       Dungeon |   4439 |   4305 |    134 |    776 |   2861 |   6 |  739.8 |
               +--------+--------+--------+--------+--------+-----+--------+

Top non-repeatable levels by time:
     D:3: 1770 daAuts
     D:2: 993 daAuts
     D:1: 958 daAuts
     D:4: 651 daAuts
     D:5: 32 daAuts
     D:8: 31 daAuts
